Map: Abyssal Reef LE

Players

DnS

  • Race: Protoss Protoss
  • Spawn Location: 11:00

LiquidSnute (Snute) - Winner!

  • Race: Zerg Zerg
  • Spawn Location: 5:00

Event: IEM XI Katowice - World Championship 2017

VOD

Have the link to the VOD?

Description

Time

  • Played on: Feb. 27, 2017, 6 a.m.
  • Length: 13:31

All games in this series

Show
View Real Time Build Order
Export as new Build Order

DnS Protoss 

Build Orders: 1 Gate Expand, Oracle Opening, Zealot Archon 

Get SALT Encoding   

  12  0:00  Probe (Chrono Boost)  
  13  0:11  Probe (Chrono Boost)  
  14  0:17  Pylon  
  14  0:22  Probe (Chrono Boost)  
  16  0:35  Probe (Chrono Boost)  
  16  0:39  Gateway  
  16  0:46  Probe (Chrono Boost)  
  17  0:50  Assimilator  
  17  0:56  Probe (Chrono Boost)  
  18  1:07  Probe (Chrono Boost)  
  19  1:22  Nexus  
  19  1:25  Probe (Chrono Boost)  
  20  1:35  Cybernetics Core  
  20  1:38  Probe (Chrono Boost)  
  21  1:45  Assimilator  
  21  1:49  Probe (Chrono Boost)  
  21  1:52  Pylon  
  22  1:59  Probe (Chrono Boost)  
  23  2:07  Adept  
  23  2:11  Warp Gate  
  23  2:12  Probe (Chrono Boost)  
  27  2:24  Probe (Chrono Boost)  
  27  2:33  Stargate  
  27  2:34  Probe (Chrono Boost)  
  27  2:35  Probe (Chrono Boost)  
  29  2:41  Adept  
  31  2:45  Probe x2 (Chrono Boost)  
  33  2:54  Gateway  
  33  2:55  Probe (Chrono Boost)  
  33  2:56  Probe (Chrono Boost)  
  35  3:06  Probe x2 (Chrono Boost)  
  37  3:12  Oracle  
  37  3:17  Probe (Chrono Boost)  
  37  3:18  Probe (Chrono Boost)  
  42  3:24  Gateway  
  42  3:27  Probe (Chrono Boost)  
  42  3:28  Pylon  
  42  3:31  Probe (Chrono Boost)  
  42  3:32  Adept  
  46  3:43  Pylon x2  
  46  3:46  Probe (Chrono Boost)  
  46  3:48  Probe (Chrono Boost)  
  48  3:49  Oracle  
  51  3:57  Probe (Chrono Boost)  
  53  4:04  Probe (Chrono Boost)  
  53  4:05  Nexus  
  53  4:10  Pylon, Probe (Chrono Boost)  
  54  4:22  Adept  
  54  4:23  Adept, Probe (Chrono Boost)  
  60  4:24  Probe (Chrono Boost)  
  60  4:25  Assimilator  
  60  4:28  Assimilator  
  60  4:32  Adept  
  60  4:35  Mothership Core (Chrono Boost), Probe (Chrono Boost)  
  65  4:41  Robotics Facility  
  66  4:47  Probe (Chrono Boost)  
  66  4:52  Pylon  
  66  4:53  Probe (Chrono Boost)  
  66  4:59  Probe (Chrono Boost)  
  68  5:02  Zealot, Adept, Sentry  
  68  5:04  Probe (Chrono Boost)  
  75  5:11  Probe (Chrono Boost)  
  72  5:14  Pylon, Probe (Chrono Boost)  
  72  5:17  Forge  
  72  5:19  Probe (Chrono Boost)  
  68  5:23  Probe (Chrono Boost)  
  68  5:25  Probe (Chrono Boost)  
  68  5:28  Warp Prism  
  68  5:29  Sentry x2  
  68  5:30  Twilight Council  
  68  5:31  Probe (Chrono Boost)  
  68  5:35  Protoss Ground Weapons Level 1, Probe x2 (Chrono Boost)  
  77  5:36  Phoenix  
  80  5:43  Probe (Chrono Boost)  
  80  5:47  Probe x2 (Chrono Boost)  
  82  5:50  Pylon  
  82  5:55  Probe (Chrono Boost)  
  83  5:59  Charge, Probe x2 (Chrono Boost)  
  83  6:04  Assimilator  
  85  6:05  Observer  
  85  6:06  Assimilator, Adept  
  85  6:07  Probe (Chrono Boost)  
  85  6:11  Probe (Chrono Boost)  
  91  6:12  Probe (Chrono Boost)  
  92  6:20  Probe (Chrono Boost)  
  92  6:21  Immortal  
  92  6:23  Probe (Chrono Boost)  
  92  6:24  Probe (Chrono Boost)  
  99  6:33  Gateway  
  99  6:34  Gateway  
  99  6:36  Gateway  
  98  6:40  Gateway  
  98  6:45  Templar Archives  
  98  6:46  Gateway  
  98  6:48  Gateway  
  98  6:49  Gateway  
  98  6:51  Zealot x3  
  104  7:01  Immortal  
  108  7:14  Protoss Ground Weapons Level 2  
  108  7:17  Zealot x3, Pylon  
  108  7:19  Nexus, Pylon  
  108  7:20  Pylon  
  114  7:33  High Templar  
  114  7:37  Pylon, Immortal  
  116  7:39  Pylon, High Templar x3, Photon Cannon  
  116  7:43  Archon x2  
  129  7:51  Photon Cannon  
  129  7:52  Probe x3 (Chrono Boost)  
  129  7:54  Pylon  
  129  7:59  Zealot x2, Assimilator, High Templar x2  
  129  8:01  Assimilator  
  129  8:03  Archon  
  137  8:09  Gateway  
  137  8:13  Gateway  
  137  8:15  Zealot  
  137  8:17  Gateway x2  
  137  8:21  Gateway  
  137  8:22  Phoenix  
  133  8:30  Stalker x2  
  133  8:31  Stalker x2  
  132  8:38  Stalker x2  
  128  8:50  Probe (Chrono Boost)  
  128  8:51  Probe x3 (Chrono Boost)  
  129  9:00  Probe (Chrono Boost)  
  133  9:03  Probe x3 (Chrono Boost)  
  133  9:05  High Templar x4  
  141  9:11  Probe (Chrono Boost)  
  141  9:12  Archon x2  
  141  9:13  Zealot  
  141  9:15  Probe (Chrono Boost)  
  147  9:18  Probe x2 (Chrono Boost), Gateway  
  147  9:20  High Templar, Gateway  
  147  9:21  High Templar  
  151  9:24  Archon  
  151  9:35  High Templar  
  151  9:36  Zealot, High Templar  
  157  9:39  Photon Cannon  
  157  9:40  Photon Cannon  
  157  9:41  Archon  
  157  9:43  Probe (Chrono Boost)  
  158  9:46  Zealot x3  
  158  9:51  Zealot x2  
  168  9:55  Zealot  
  160  10:01  Zealot x2  
  164  10:11  High Templar x4  
  172  10:16  Archon  
  172  10:19  Photon Cannon  
  157  10:21  Photon Cannon  
  157  10:22  Photon Cannon  
  157  10:23  Stalker  
  157  10:28  Archon  
  123  10:41  High Templar x4  
  130  10:45  Archon  
  130  10:46  Zealot x4, Archon  
  130  10:52  Stalker  
  130  10:54  Stalker  
  129  11:08  Zealot  
  129  11:09  Zealot x2  
  115  11:13  Zealot  
  115  11:14  Zealot  
  99  11:23  Zealot x2, High Templar x2  
  99  11:24  Zealot  
  75  11:35  Archon  
  75  11:36  Zealot x3  
  75  11:37  Zealot  
  83  11:47  High Templar  
  83  11:48  High Templar  
  83  11:49  Zealot x2  
  91  11:56  Zealot, Archon  
  91  11:57  Zealot  
  93  12:02  Warp Prism  
  95  12:19  High Templar x2  
  95  12:20  Zealot x4  
  107  12:24  Archon  
  105  12:45  Zealot x2, High Templar x2  
  105  12:46  Zealot  
  105  12:49  Archon  
  102  13:01  Pylon  
  102  13:02  Stalker  
  102  13:03  Stalker  
  100  13:10  Zealot, Stalker  
Show
View Real Time Build Order
Export as new Build Order

LiquidSnute Zerg - Winner!

Build Orders: Hatch First, Muta Ling Bane 

Get SALT Encoding   

  12  0:00  Drone  
  13  0:12  Overlord  
  13  0:16  Drone  
  14  0:30  Drone x2  
  14  0:34  Drone  
  17  0:46  Drone  
  18  0:56  Hatchery  
  17  0:58  Drone  
  17  1:02  Extractor  
  17  1:13  Spawning Pool  
  17  1:15  Drone  
  17  1:19  Drone  
  18  1:28  Drone  
  19  1:38  Overlord  
  19  1:49  Drone  
  20  2:00  Queen  
  22  2:02  Metabolic Boost  
  22  2:04  Zergling x2  
  22  2:07  Queen  
  22  2:08  Drone  
  26  2:11  Drone  
  27  2:19  Drone  
  28  2:23  Drone  
  29  2:33  Hatchery  
  29  2:35  Drone  
  29  2:40  Zergling x2  
  29  2:41  Zergling x2  
  29  2:43  Overlord  
  31  2:51  Queen  
  31  2:53  Drone  
  31  2:55  Drone  
  35  3:02  Drone  
  36  3:06  Drone  
  36  3:09  Drone x2  
  36  3:11  Spore Crawler  
  36  3:12  Drone  
  39  3:13  Drone  
  39  3:17  Drone x3  
  39  3:19  Overlord  
  43  3:26  Overlord  
  43  3:28  Drone  
  44  3:39  Queen, Drone x2  
  48  3:45  Drone  
  49  3:49  Drone x2  
  49  3:54  Spore Crawler  
  50  3:56  Spore Crawler  
  50  3:57  Drone  
  50  3:58  Spore Crawler, Drone x3  
  50  3:59  Drone x2  
  50  4:00  Drone  
  55  4:05  Drone x2  
  55  4:07  Drone  
  58  4:15  Drone x2  
  58  4:16  Drone x2  
  58  4:17  Drone  
  59  4:18  Drone  
  59  4:22  Overlord, Drone  
  60  4:28  Evolution Chamber  
  60  4:29  Drone x2  
  60  4:30  Drone x2  
  63  4:40  Hatchery  
  63  4:41  Zergling x6  
  63  4:42  Zergling x4  
  67  4:48  Overlord, Drone  
  67  4:50  Drone  
  69  4:53  Zerg Melee Weapons Level 1  
  69  4:54  Overlord  
  69  4:55  Drone  
  69  4:56  Drone x2  
  69  4:57  Zergling x2  
  73  5:02  Overlord  
  72  5:07  Drone x4  
  72  5:09  Drone x3  
  72  5:12  Drone  
  73  5:15  Drone  
  73  5:18  Drone  
  69  5:22  Drone x2  
  69  5:23  Drone  
  69  5:24  Drone  
  69  5:26  Drone  
  69  5:28  Lair  
  71  5:30  Drone, Baneling Nest  
  71  5:32  Extractor  
  71  5:33  Drone  
  71  5:37  Drone  
  71  5:41  Extractor, Drone  
  71  5:42  Extractor  
  71  5:43  Extractor  
  71  5:44  Extractor, Drone  
  71  5:48  Hatchery, Drone  
  70  5:51  Drone  
  70  5:52  Drone  
  70  5:55  Queen  
  74  5:59  Drone x2  
  74  6:01  Drone x2  
  74  6:02  Drone x3  
  80  6:08  Drone x2  
  82  6:15  Zergling x2  
  82  6:16  Zergling x14  
  87  6:19  Drone  
  87  6:24  Drone  
  88  6:27  Spire, Centrifical Hooks  
  88  6:29  Roach Warren, Drone x3  
  88  6:31  Drone x2  
  91  6:33  Drone x3  
  91  6:35  Drone  
  91  6:37  Drone  
  91  6:38  Spore Crawler  
  95  6:41  Overlord  
  95  6:43  Drone x3  
  95  6:45  Drone x2  
  100  6:49  Zerg Melee Weapons Level 2  
  100  6:52  Evolution Chamber  
  99  6:56  Overlord x3  
  94  7:08  Drone  
  94  7:09  Drone x2  
  94  7:13  Overlord  
  94  7:14  Drone x2  
  94  7:15  Drone x2  
  99  7:17  Zerg Ground Armor Level 1  
  99  7:18  Glial Reconstitution  
  99  7:25  Queen x3  
  99  7:26  Queen  
  107  7:32  Spine Crawler  
  107  7:34  Spine Crawler  
  107  7:35  Spine Crawler  
  107  7:36  Drone x2  
  106  7:38  Mutalisk x3  
  106  7:39  Mutalisk x4  
  120  7:49  Roach  
  120  7:50  Roach x2  
  126  7:56  Spore Crawler, Roach x4  
  126  7:57  Hatchery  
  132  8:00  Roach  
  132  8:01  Roach x3  
  141  8:12  Zergling x2  
  141  8:14  Overlord x2  
  141  8:15  Overlord x2  
  141  8:18  Overlord  
  141  8:35  Zergling x20  
  141  8:39  Zergling x20  
  161  8:48  Zergling x26  
  168  8:58  Zergling x12  
  166  9:10  Overlord x2  
  166  9:14  Zerg Ground Armor Level 2  
  166  9:20  Infestation Pit  
  166  9:22  Mutalisk x11  
  187  9:36  Overlord  
  187  9:43  Spine Crawler x2  
  187  9:44  Spine Crawler  
  173  9:53  Spine Crawler, Roach x4  
  173  9:54  Spine Crawler x2, Zergling x12  
  173  9:55  Spine Crawler, Zergling x8  
  177  10:01  Ravager x4  
  177  10:02  Zergling x20  
  177  10:03  Zergling x14  
  177  10:05  Baneling x4  
  177  10:06  Baneling  
  177  10:07  Baneling x2  
  193  10:08  Baneling  
  193  10:13  Baneling x11  
  183  10:23  Roach x4  
  169  10:34  Roach  
  169  10:35  Roach x6  
  165  10:41  Roach x3  
  162  10:49  Zergling x2  
  163  10:50  Zergling x14  
  163  10:55  Baneling x8  
  163  10:56  Baneling  
  171  10:57  Ravager  
  119  11:21  Zergling x14  
  119  11:22  Zergling x14  
  111  11:27  Roach  
  106  11:34  Ravager  
  106  11:36  Drone x2  
  109  11:41  Drone  
  109  11:42  Drone  
  109  11:43  Drone x4  
  109  11:46  Drone x5  
  120  11:49  Drone  
  121  11:55  Drone x4  
  125  12:08  Mutalisk x5  
  125  12:13  Drone  
  136  12:20  Roach  
  136  12:22  Roach x3  
  146  12:23  Baneling, Roach  
  146  12:24  Baneling x14  
  146  12:25  Baneling x2  
  146  12:26  Baneling  
  142  12:39  Drone  
  142  12:40  Drone x4  
  147  12:44  Drone x5  
  152  12:55  Queen x2  
  156  13:04  Zergling x2  
  156  13:05  Zergling x18  
  166  13:11  Baneling x6  

Tags
 
Add a new tag
Caveats
  • Supply blocks, unpowered buildings, or Contaminate may cause inaccurate times.
  • Supply counts are checked every 10 seconds.